 Dungeon Crawl Stone Soup version 0.30.1-11-g7821555f0a (webtiles) character file.

Game seed: 5418920450839814735

37 Zonian the Caller (level 3, 0/14 HPs)
             Began as a Felid Summoner on Dec 24, 2023.
             Slain by a quokka (2 damage)
             ... on level 2 of the Dungeon.
             The game lasted 00:02:29 (1706 turns).

Zonian the Caller (Felid Summoner)                  Turns: 1706, Time: 00:02:29

Health: 0/14       AC:  1    Str:  6    XL:     3   Next: 21%
Magic:  5/7        EV: 18    Int: 16    God:
Gold:   31         SH:  0    Dex: 16    Spells: 5/6 levels left
                                        Lives:  0   Deaths: 0

rFire   . . .        (weapon unavailable)
rCold   . . .        (shield unavailable)
rNeg    . . .        (body armour unavailable)
rPois   .            (helmet unavailable)
rElec   .            (cloak unavailable)
rCorr   .            (gloves unavailable)
SInv    +            (boots unavailable)
Will    .....        (no amulet)
Stlth   ++           (no ring)
HPRegen 0.22/turn    (no ring)
MPRegen 0.10/turn

%: no passive effects
@: quick
A: very small, claws 1, fangs 3, see invisible, speed 1, shaggy fur 1, stealthy
paws, no weapons or thrown items, no armour, multi-lived
a: no special abilities


You were on level 2 of the Dungeon.
You visited 1 branch of the dungeon, and saw 2 of its levels.

You collected 31 gold pieces.

Inventory:

Jewellery
 h - a +5 ring of evasion
Scrolls
 b - 4 scrolls of identify {unknown}
 c - a scroll of vulnerability {unknown}
 d - a scroll of magic mapping {unknown}
 f - a scroll of teleportation {unknown}
Potions
 a - a potion of magic
 e - 2 potions of heal wounds {unknown}
 g - a potion of lignification {unknown}
 i - 2 potions of resistance {unknown}


   Skills:
 + Level 3.4 Dodging
 + Level 3.5 Stealth
 + Level 2.4 Spellcasting
 + Level 4.2 Summonings


You had 5 spell levels left.
You knew the following spells:

 Your Spells              Type           Power      Damage    Failure   Level
a - Summon Small Mammal   Summ           60%        N/A       3%          1

Your spell library contained the following spells:

 Spells                   Type           Power      Damage    Failure   Level
 Call Imp                 Summ           30%        N/A       5%          2
 Call Canine Familiar     Summ           15%        N/A       11%         3
 Summon Guardian Golem    Hex/Summ       8%         N/A       26%         3
 Summon Lightning Spire   Summ/Air       8%         N/A       63%         4


Dungeon Overview and Level Annotations

Branches:
Dungeon (2/15)

Altars:


Innate Abilities, Weirdness & Mutations

You have sharp claws.
You have razor-sharp teeth.
You have supernaturally acute eyesight. (SInv)
You cover ground quickly. (Speed+)
You are covered in fur. (AC +1)
Your paws help you pounce on unaware monsters.
You are incapable of wielding weapons or throwing items.
You cannot wear armour.
You gain extra lives every three experience levels.


Message History

The sling bullet completely misses you.
The sling bullet barely misses your bat.
Your bat hits the goblin.
Unknown command.
Your bat barely misses the goblin.
The goblin unwields a +0 sling.
The goblin wields a +0 dagger.
The goblin hits you with a +0 dagger.
Your bat hits the quokka.
You scratch the goblin but do no damage.
The goblin is moderately wounded.
Your bat closely misses the quokka.
Your bat hits the goblin. The quokka bites you.
Your bat hits the quokka but does no damage.
The goblin completely misses you.
You are too injured to fight recklessly!
You are too injured to fight recklessly!
You are too injured to fight recklessly!
Unknown command.
You scratch the goblin but do no damage.
The goblin is heavily wounded.
Your bat completely misses the quokka.
Your bat hits the goblin. The quokka barely misses you.
The goblin closely misses you. The quokka bites you.
* * * LOW HITPOINT WARNING * * *
You scratch the goblin.
You kill the goblin!
Your bat closely misses the quokka.
Your bat misses the quokka. The quokka bites you.
* * * LOW HITPOINT WARNING * * *
Unknown command.
You scratch the quokka.
The quokka is moderately wounded.
Your bat misses the quokka.
Your bat barely misses the quokka.
Your bat completely misses the quokka.
The quokka completely misses you.
Unknown command.
You scratch the quokka but do no damage.
The quokka is moderately wounded.
Your bat misses the quokka.
Your bat hits the quokka but does no damage.
The quokka bites you.
You die...

########
#......#
#......#
#......#
+...b>b#
#....r@#####
+....!.'...#
#......###.#
#......# #.#
.......##
#.# .#.###.#
#.# #. #.#
#.# # #.#
#.# #.# #.#


You could see a quokka (ally target) and 2 friendly bats.

Vanquished Creatures
  2 ball pythons (D:1)
  2 bats (D:1)
  A giant cockroach (D:1)
  5 goblins
  A hobgoblin (D:1)
  2 quokkas (D:1)
  2 frilled lizards (D:1)
  4 kobolds (D:1)
  A rat (D:1)
20 creatures vanquished.

Vanquished Creatures (collateral kills)
  A gnoll (D:1)
  An endoplasm (D:1)
  2 goblins (D:1)
4 creatures vanquished.

Grand Total: 24 creatures vanquished

Notes
Turn   | Place    | Note
-------+----------+-------------------------------------------
     0 | D:1      | Zonian the Felid Summoner began the quest for the Orb.
     0 | D:1      | Reached XP level 1. HP: 7/7 MP: 4/4
   219 | D:1      | Reached XP level 2. HP: 11/11 MP: 3/6
  1237 | D:1      | Reached XP level 3. HP: 10/14 MP: 4/7
  1706 | D:2      | Slain by a quokka

Illustrated notes

Levels and vault maps discovered:
D:1:      dpeg_arrival_shelter, layout_loops_ring, serial_co_window_serial,
          co_window_paths_a, co_window_paths_a, co_window_of_opportunity_a,
          co_window_paths_a, co_window_paths_a, co_window_broadway_a,
          co_window_corner_b, co_window_2corner, co_window_of_opportunity_b,
          co_window_unsneaky_path_d, co_window_2corner, glass_columns_a
D:2:      layout_basic, uniq_jessica

Skill      XL: |  1 |
---------------+----+-----
Stealth        | 3 |  3.5
Dodging        | 3 |  3.4
Spellcasting   | |  2.4
Summonings     | |  4.2

Action                     || total
---------------------------++-------
  Melee: Unarmed           ||    76
         Bite              ||     6
         Punch             ||     2
   Cast: Summon Small Mamm ||    15
   Stab: Sleeping          ||     3
 Armour: Skin              ||     8
  Dodge: Dodged            ||    59
